cohdb
Replays
Latest Replays
All Replays
Popular Replays
Top Player Replays
Match Explorer
How It Works
Community
CoH3 Stats
Reddit
Sign in to upload your games and track your stats! →
Sign in with Steam
Match 41482638
Unlisted
Match 41482638
Overview
Messages
Build Orders
End
Kradschützen Motorcycle Team
Panzergrenadier Squad
Selects Panzerjäger Kommand Battlegroup
Selects Mine Fields
250 Light Carrier
Panzergrenadier Squad
Kradschützen Motorcycle Team
Construct Light Support Kompanie
MG34 Team
Selects Tank Busters
Combat Half-tracks
2.5-tonne Medical Truck
سَۨفُـيٰانۨوٰس
• PRB • DAVkO
0
0
Comments
sign in to comment!
No comments posted yet!